 Dungeon Crawl Stone Soup version 0.30-a0-160-gcfceee88d3 (webtiles) character file.

Game seed: 13016102902645236684

168373 qw the Severer (level 17, -4/111 HPs)
             Began as a Gargoyle Fighter on Sept 27, 2022.
             Was the Champion of Okawaru.
             Slain by a naga warrior
             ... wielding a +0 short sword
              (11 damage)
             ... on level 4 of the Snake Pit.
             The game lasted 00:12:42 (27349 turns).

qw the Severer (Gargoyle Fighter)                  Turns: 27349, Time: 00:12:43

Health: -4/111     AC: 52    Str: 25    XL:     17   Next: 94%
Magic:  24/24      EV: 11    Int: 19    God:    Okawaru [******]
Gold:   162        SH: 15    Dex: 15    Spells: 16/16 levels left

rFire   + . .      SeeInvis .    E - +3 broad axe (vamp)
rCold   + . .      Faith    .    I - +0 kite shield
rNeg    + . .      Spirit   .    f - +2 gold dragon scales
rPois   inf        Reflect  .    y - +2 helmet
rElec   +          Harm     .    k - +3 cloak of the Robin {Dex+6}
rCorr   +          Rampage  +    c - +1 pair of gloves "Tazo" {Drain rCorr Int+7 Stlth-}
Will    +....                    u - +1 pair of boots {rampage}
Stlth   ..........               m - amulet of regeneration
HPRegen 1.08/turn                j - +4 ring of slaying {mikee}
MPRegen 0.19/turn                z - +4 ring of evasion

@: about to teleport, heroic, weakened, flying, constricted
A: sickness immunity, AC +12, big wings, negative energy resistance 1,
electricity resistance, torment resistance 1, petrification resistance
a: Renounce Religion, Heroism, Finesse, Duel


You were on level 4 of the Snake Pit.
You worshipped Okawaru.
Okawaru was exalted by your worship.
You visited 6 branches of the dungeon, and saw 30 of its levels.

You collected 3528 gold pieces.
You spent 3366 gold pieces at shops.


Innate Abilities, Weirdness & Mutations

You are immune to sickness and miasma.
Your stone body is resilient. (AC +12)
You are immune to poison.
Your large and strong wings let you fly.
You resist negative energy. (rN+)
You are resistant to electric shocks. (rElec)
You are resistant to unholy torment.
You are immune to petrification.


   Skills:
 - Level 14.0(19.0) Fighting
 - Level 18.0(23.0) Axes
 - Level 6.0(11.0) Throwing
 + Level 15.8(20.8) Armour
 - Level 5.0(10.0) Dodging
 - Level 13.8(18.8) Shields
 - Level 10.0 Invocations


You had 16 spell levels left.
You didn't know any spells.
Your spell library was empty.

Inventory:

Hand Weapons
 t - a +3 broad axe of flaming
 E - a +3 vampiric broad axe (weapon)
Missiles
 n - 48 boomerangs
 x - a silver boomerang (quivered)
 C - 4 boomerangs of dispersal
Armour
 c - the +1 pair of gloves "Tazo" (worn) {Drain rCorr Int+7 Stlth-}
   (Okawaru gifted it to you on level 2 of the Snake Pit)

   Int:       It affects your intelligence (+7).
   rCorr:     It protects you from acid and corrosion.
   Drain:     It drains your maximum health when unequipped.
   Stlth:     It makes you less stealthy.
 f - +2 gold dragon scales (worn)
 i - a +4 plate armour
 k - the +3 cloak of the Robin (worn) {Dex+6}
   (You acquired it on level 5 of the Dungeon)

   Dex:       It affects your dexterity (+6).
 l - the +1 robe of the Shore {rC- rCorr Int+8 Stlth-}
   (Okawaru gifted it to you on level 10 of the Dungeon)

   Int:       It affects your intelligence (+8).
   rC:        It makes you vulnerable to cold.
   rCorr:     It protects you from acid and corrosion.
   Stlth:     It makes you less stealthy.
 u - a +1 pair of boots of rampaging (worn)
 y - a +2 helmet (worn)
 I - a +0 kite shield (worn)
Jewellery
 j - a +4 ring of slaying (left hand) {mikee}
 m - an amulet of regeneration (around neck)
 w - a ring of protection from cold
 z - a +4 ring of evasion (right hand)
 A - a ring of protection from cold
 B - a ring of protection from fire
 D - the ring of Hanel {Fly rF+ rC- rCorr}
   (You bought it in a shop on level 2 of the Orcish Mines)

   [ring of flight]

   rF:        It protects you from fire.
   rC:        It makes you vulnerable to cold.
   Fly:       It grants you flight.
   rCorr:     It protects you from acid and corrosion.
 F - a ring of resist corrosion
 Y - a ring of protection from fire
Scrolls
 a - 6 scrolls of identify
 q - 3 scrolls of teleportation
 G - 3 scrolls of brand weapon
Potions
 b - 5 potions of haste
 d - 12 potions of might
 e - 9 potions of heal wounds
 g - 5 potions of lignification
 h - 13 potions of attraction
 o - 4 potions of resistance
 p - a potion of cancellation
 r - 10 potions of mutation
 s - 4 potions of magic
 v - 14 potions of curing

Dungeon Overview and Level Annotations

Branches:
Dungeon (15/15)            Temple (1/1) D:4            Lair (5/5) D:8
 Shoals (3/4) Lair:2        Snake (4/4) Lair:2        Slime (0/5) Lair:4
    Orc (2/2) D:12            Elf (0/3) Orc:2        Vaults (0/5) D:14
 Depths (0/4) D:15

Altars:
Ashenzari
Cheibriados
Dithmenos
Elyvilon
Fedhas
Gozag
Hepliaklqana
Kikubaaqudgha
Makhleb
Nemelex Xobeh
Okawaru
Qazlal
Ru
Sif Muna
Trog
Uskayaw
Vehumet
Wu Jian
Xom
Yredelemnul
Zin
The Shining One

Shops:
D:1 (   D:7 (   D:11 !   Orc:2 !=(:(   Shoals:1 (*(:   Snake:1 *   Snake:3 (
Snake:4 *(*

Annotations:
D:4 3 runed translucent doors, qw's ghost, novice GrFi
D:10 3 runed translucent doors, qw's ghost, journeyman GrFi
D:14 2 transporters, qw's ghost, journeyman GrFi
Lair:4 1 runed translucent door
Lair:5 2 runed translucent doors
Shoals:1 2 transporters
Shoals:2 1 runed translucent door


Message History

You writhe in agony.
You block the guardian serpent's attack.
The naga sharpshooter gestures wildly while chanting.
The naga sharpshooter magically shoots a bolt.
The bolt hits you but does no damage. The naga hits you but does no damage.
You block the naga's attack. The naga misses you.
The naga mage closely misses you.
The naga warrior hits you with a +0 war axe!
The naga warrior grabs you. The naga warrior constricts you.
The salamander hits you but does no damage.
The naga mage hits you but does no damage.
You writhe in agony.
You closely miss the naga warrior.
The naga warrior is moderately wounded.
You barely miss the naga warrior. You hit the naga.
You hit the naga sharpshooter.
You feel better.
You barely miss the salamander. You slash the guardian serpent!
You kill the guardian serpent!
Okawaru accepts your kill.
You slash the naga sharpshooter!
You feel better.
The naga warrior hits you with a +0 short sword!!
The naga sharpshooter casts a spell.
The naga sharpshooter magically shoots an arrow.
The arrow hits you but does no damage.
The naga sharpshooter shoots an arrow.
The arrow hits you but does no damage. You block the naga mage's attack. x2
The naga sharpshooter shoots a bolt.
The bolt hits you! The bolt burns you.
The naga hits you from afar with a +0 halberd!!
The naga hits you but does no damage. You block the naga warrior's attack.
The naga warrior constricts you.
27349 ||| READING 4 scrolls of teleportation.
As you read the scroll of teleportation, it crumbles to dust.
You feel strangely unstable.
The naga warrior no longer looks unusually strong.
You block the naga mage's attack. The salamander barely misses you.
The naga mage closely misses you.
The naga sharpshooter mumbles some strange words.
The naga sharpshooter magically shoots an arrow.
The arrow hits you!
The naga warrior hits you with a +0 short sword!
You die...

###....#...# ####.##
.......#.....##....#
...#..###...#...####
#...... ......#.###
....... .....##)..##
#######
###...##...###
......).)...#
.......NNN...#
.....NNN@N...#
.....NN#NN..#
......N N...#
.....N. #..##
.#...}N ..# .......
.#. ....... ...#
.....#. . .


You could see 2 naga warriors, 3 naga sharpshooters, a salamander (strong), 2
naga magi and 7 nagas.

Vanquished Creatures
  Agnes (Snake:3)
  4 krakens (Shoals:2)
  A nagaraja (Snake:2)
  Ilsuiw (Shoals:3)
  An orc warlord (Orc:2)
  An ettin (D:14)
  Snorg (D:11)
  A fire dragon (D:12)
  6 merfolk impalers
  4 hydras
  A salamander tyrant (Snake:4)
  2 merfolk avatars (Shoals:2)
  6 anacondas
  8 naga warriors
  4 centaur warriors
  5 two-headed ogres
  4 boulder beetles
  A merfolk aquamancer (Shoals:2)
  2 orc high priests
  A satyr (Shoals:2)
  A vampire mage (D:15)
  5 death yaks (Lair:3)
  5 shock serpents
  3 naga sharpshooters
  2 large abominations (D:15)
  A fire crab (Lair:5)
  6 skeletal warriors
  2 titan skeletons (D:15)
  3 salamander mystics (Snake:4)
  A deep troll (D:14)
  5 sea snakes
  A lindwurm (D:14)
  An obsidian statue (D:15)
  A naga ritualist (Snake:1)
  A mana viper (Snake:1)
  2 orc knights
  4 deep elf pyromancers
  18 harpies
  8 cyclopes
  A necromancer (D:15)
  7 salamanders
  11 fauns
  7 ugly things
  14 manticores
  6 orc sorcerers (Orc:2)
  3 guardian serpents (Snake:4)
  7 merfolk sirens
  21 black mambas
  12 naga magi
  3 water nymphs
  A rust devil (D:15)
  22 elephants
  2 molten gargoyles (Lair:5)
  2 gargoyles
  2 orange demons (D:15)
  7 cane toads
  An efreet (D:10)
  7 komodo dragons
  A tengu conjurer (D:11)
  A kobold demonologist (D:10)
  A yaktaur (D:10)
  6 rime drakes
  A freezing wraith (D:14)
  3 meliai (D:12)
  A meliai (shapeshifter) (D:11)
  A polar bear (Lair:4)
  A queen bee (D:11)
  6 trolls
  3 wind drakes
  A troll (shapeshifter) (D:15)
  A wind drake (shapeshifter) (D:14)
  3 hornets
  39 merfolk
  20 slime creatures
  A wolf spider simulacrum (D:15)
  A raiju (shapeshifter) (D:14)
  8 blink frogs
  5 snapping turtles
  13 dream sheep
  A vampire (D:9)
  3 water elementals (Shoals:1)
  6 basilisks
  5 wyverns
  7 wraiths
  22 yaks
  A hog (shapeshifter) (D:13)
  3 steam dragons
  A chaos spawn (D:15)
  A neqoxec (D:15)
  17 vampire mosquitoes
  33 nagas
  A warg (Orc:2)
  A water moccasin (shapeshifter) (D:14)
  4 hell hounds (Lair:5)
  3 acid dragons
  12 water moccasins
  2 human skeletons (D:15)
  34 orc warriors
  A sky beast (D:7)
  2 swamp drakes
  A hornet zombie (D:6)
  2 ice beasts
  5 ogres
  28 wolves
  14 centaurs
  5 phantoms (D:6)
  2 kobold brigands (D:8)
  15 bullfrogs
  2 gnoll sergeants
  A necrophage (D:6)
  A water moccasin zombie (D:6)
  A scorpion (D:5)
  4 wights
  34 killer bees
  2 vampire bats (D:5)
  4 electric eels
  A crimson imp (D:15)
  7 howler monkeys
  4 jellies (D:8)
  6 lava snakes
  A bullfrog skeleton (D:6)
  3 bullfrog zombies (D:6)
  3 hounds
  18 orc priests
  A gnoll bouda (D:7)
  2 iron imps (D:15)
  4 iguanas
  34 orc wizards
  Natasha (D:3)
  A killer bee zombie (D:6)
  A howler monkey zombie (D:6)
  7 gnolls
  17 adders
  2 shadow imps
  4 white imps
  4 ufetubi
  5 dart slugs
  93 orcs
  A ball python (D:1)
  2 bats
  A bat skeleton (D:5)
  4 bat zombies (D:5)
  9 endoplasms
  2 giant cockroaches
  4 goblins
  8 hobgoblins
  2 jackals (D:4)
  7 kobolds
  3 quokkas
  3 training dummies (D:7)
  5 rats
  10 tentacles (Shoals:2)
939 creatures vanquished.

Vanquished Creatures (others)
  A naga warrior (Snake:4)
  A culicivora (shapeshifter) (D:10)
  A killer bee (D:11)
  2 orc wizards
  28 fungi
  67 plants
  15 tentacles (Shoals:2)
  8 toadstools (D:8)
  11 withered plants
134 creatures vanquished.

Grand Total: 1073 creatures vanquished

Notes
Turn   | Place    | Note
-------+----------+-------------------------------------------
     0 | D:1      | qw the Gargoyle Fighter began the quest for the Orb.
     0 | D:1      | Reached XP level 1. HP: 14/14 MP: 1/1
     0 | D:1      | 0 ||| qw: Version: 0.2-a-10-g37ed214
     0 | D:1      | 0 ||| qw: Game counter: 599
     0 | D:1      | 0 ||| qw: Always use a shield: true
     0 | D:1      | 0 ||| qw: God list: Okawaru
     0 | D:1      | 0 ||| qw: Allow faded altars: false
     0 | D:1      | 0 ||| qw: Do Orc after D:15 true
     0 | D:1      | 0 ||| qw: Do second Lair branch before Depths: true
     0 | D:1      | 0 ||| qw: Lair rune preference: random
     0 | D:1      | 0 ||| qw: Plans: Normal, Zot:1-4, God:TSO, Crypt, Tomb,
                  | Pan, Slime:5, Hells, Abyss, Orb
     0 | D:1      | 0 ||| PLANNING D:1-11
    36 | D:1      | 36 ||| Stepping ~*~*~tactically~*~*~ (hiding).
    43 | D:1      | Reached skill level 2 in Axes
   280 | D:1      | Reached XP level 2. HP: 19/19 MP: 2/2
   843 | D:1      | Found Jeczeink's Antique Weapon Shoppe.
   846 | D:1      | 846 ||| SHOPLISTING dazzling whip (187 gold, have 46).
   846 | D:1      | 846 ||| SHOPLISTING encrusted hand axe (200 gold, have 46).
   846 | D:1      | 846 ||| SHOPLISTING flail (87 gold, have 46).
   901 | D:1      | Found a faded altar of an unknown god.
  1131 | D:1      | Reached skill level 3 in Axes
  1624 | D:1      | 1624 ||| UPGRADING to +0 chain mail.
  1634 | D:1      | 1634 ||| DROPPING +0 scale mail.
  1635 | D:1      | 1635 ||| DROPPING amulet of faith.
  1636 | D:1      | 1636 ||| UPGRADING to amulet of regeneration.
  1641 | D:1      | 1641 ||| DROPPING ring of wizardry.
  1642 | D:1      | 1642 ||| READING scroll labelled WEBICV HOABEZAMU.
  1643 | D:1      | 1643 ||| READING 2 scrolls labelled GETIDGH QOMNIKE.
  1644 | D:1      | 1644 ||| READING scroll of enchant weapon.
  1644 | D:1      | 1644 ||| ENCHANTING +1 war axe.
  1645 | D:1      | 1645 ||| READING scroll labelled ECRIYL HIDOIKK.
  1645 | D:1      | Identified a scroll of acquirement
  1645 | D:1      | 1645 ||| ACQUIRING +2 broad axe of venom
  1645 | D:1      | Acquired a +2 broad axe of venom
  1647 | D:1      | 1647 ||| SWAPPING to +2 broad axe of venom.
  1648 | D:1      | 1648 ||| DROPPING +2 war axe.
  1907 | D:2      | Reached XP level 3. HP: 23/23 MP: 3/3
  2592 | D:2      | 2592 ||| UPGRADING to +4 ring of slaying {mikee}.
  2593 | D:2      | 2593 ||| READING 2 scrolls labelled RUCAYVVIFO.
  2594 | D:2      | 2594 ||| READING scroll labelled XOSIMPAGEAQ.
  2598 | D:2      | 2598 ||| READING scroll labelled QINOPL CUFOMU.
  2599 | D:2      | 2599 ||| READING scroll labelled WAGINN CAITOA.
  2603 | D:2      | 2603 ||| DRINKING 2 silvery potions.
  2704 | D:2      | 2704 ||| DROPPING potion of ambrosia.
  2744 | D:3      | Found a hazy altar of Hepliaklqana.
  2749 | D:3      | Found a radiant altar of Vehumet.
  2870 | D:3      | 2870 ||| Stepping ~*~*~tactically~*~*~ (stealth).
  3032 | D:3      | Noticed Natasha
  3033 | D:3      | 3033 ||| Stepping ~*~*~tactically~*~*~ (hiding).
  3037 | D:3      | Killed Natasha
  3038 | D:3      | Reached XP level 4. HP: 28/28 MP: 4/4
  3144 | D:3      | 3144 ||| Stepping ~*~*~tactically~*~*~ (stealth).
  3146 | D:3      | 3146 ||| Stepping ~*~*~tactically~*~*~ (hiding).
  3152 | D:3      | Reached skill level 4 in Axes
  3291 | D:3      | 3291 ||| READING scroll of enchant weapon.
  3291 | D:3      | 3291 ||| ENCHANTING +2 broad axe of venom.
  3369 | D:3      | Reached XP level 5. HP: 32/32 MP: 5/5
  3375 | D:3      | 3375 ||| DROPPING +0 club.
  3468 | D:3      | 3468 ||| DRINKING 3 murky blue potions.
  3469 | D:3      | 3469 ||| DRINKING 2 murky white potions.
  3470 | D:3      | 3470 ||| READING 2 scrolls of identify.
  3470 | D:3      | 3470 ||| IDENTIFYING glowing red potion
  3471 | D:3      | 3471 ||| DROPPING 2 potions of flight.
  3547 | D:4      | 3547 ||| Stepping ~*~*~tactically~*~*~ (stealth).
  3574 | D:4      | Noticed an ogre
  3581 | D:4      | Killed an ogre
  3582 | D:4      | Reached skill level 5 in Axes
  3582 | D:4      | Reached XP level 6. HP: 37/37 MP: 6/6
  3613 | D:4      | 3613 ||| Stepping ~*~*~tactically~*~*~ (hiding).
  3624 | D:4      | 3624 ||| Stepping ~*~*~tactically~*~*~ (stealth).
  3636 | D:4      | Found a staircase to the Ecumenical Temple.
  3637 | D:4      | 3637 ||| PLANNING TEMPLE
  3637 | D:4      | 3637 ||| READING scroll labelled TUTWAK NOPOCODDO.
  3638 | D:4      | 3638 ||| READING scroll labelled ZASSEWK TUTES.
  3639 | D:4      | 3639 ||| READING 2 scrolls of identify.
  3639 | D:4      | 3639 ||| IDENTIFYING green potion
  3654 | Temple   | Entered the Ecumenical Temple
  3815 | Temple   | 3815 ||| PLANNING D:1-11
  3957 | D:4      | Found a stormy altar of Qazlal.
  4096 | D:4      | Found an opulent altar of Gozag.
  4168 | D:4      | Found a glowing silver altar of Zin.
  4223 | D:4      | Found a runed translucent gate.
  4224 | D:4      | Found a runed translucent gate.
  4225 | D:4      | Found a runed translucent gate.
  4227 | D:4      | Noticed qw's ghost (novice GrFi)
  4481 | D:4      | 4481 ||| READING scroll labelled PASKOJ WETIMNU.
  4482 | D:4      | 4482 ||| READING scroll labelled HYLOUTSA MEFUE.
  4483 | D:4      | 4483 ||| READING 2 scrolls of identify.
  4483 | D:4      | 4483 ||| IDENTIFYING bubbling silvery potion
  4484 | D:4      | 4484 ||| DROPPING potion of degeneration.
  4498 | D:4      | 4498 ||| STAIRDANCE
  4502 | D:4      | 4502 ||| STAIRDANCE
  4506 | D:4      | 4506 ||| STAIRDANCE
  4510 | D:4      | 4510 ||| STAIRDANCE
  4514 | D:4      | 4514 ||| STAIRDANCE
  4518 | D:4      | 4518 ||| STAIRDANCE
  4522 | D:4      | 4522 ||| STAIRDANCE
  4526 | D:4      | 4526 ||| STAIRDANCE
  4530 | D:4      | 4530 ||| STAIRDANCE
  4534 | D:4      | 4534 ||| STAIRDANCE
  4538 | D:4      | 4538 ||| STAIRDANCE
  4542 | D:4      | 4542 ||| STAIRDANCE
  4546 | D:4      | 4546 ||| STAIRDANCE
  4550 | D:4      | 4550 ||| STAIRDANCE
  4554 | D:4      | 4554 ||| STAIRDANCE
  4558 | D:4      | 4558 ||| STAIRDANCE
  4562 | D:4      | 4562 ||| STAIRDANCE
  4566 | D:4      | 4566 ||| STAIRDANCE
  4570 | D:4      | 4570 ||| STAIRDANCE
  4574 | D:4      | 4574 ||| STAIRDANCE
  4819 | D:5      | Entered Level 5 of the Dungeon
  4824 | D:5      | 4824 ||| READING scroll of acquirement.
  4824 | D:5      | 4824 ||| ACQUIRING +3 cloak of the Robin {Dex+6}
  4824 | D:5      | Acquired the +3 cloak of the Robin {Dex+6}
  4826 | D:5      | 4826 ||| UPGRADING to +3 cloak of the Robin {Dex+6}.
  4845 | D:5      | 4845 ||| DRINKING potion of curing.
  4845 | D:5      | 4845 ||| (to cure confusion)
  4853 | D:5      | Reached skill level 1 in Dodging
  4855 | D:5      | Found a snail-covered altar of Cheibriados.
  4903 | D:5      | 4903 ||| Stepping ~*~*~tactically~*~*~ (hiding).
  4906 | D:5      | 4906 ||| Stepping ~*~*~tactically~*~*~ (hiding).
  5026 | D:5      | Reached skill level 6 in Axes
  5026 | D:5      | Reached XP level 7. HP: 43/43 MP: 7/7
  5133 | D:5      | Found an ancient bone altar of Kikubaaqudgha.
  5247 | D:5      | 5247 ||| Stepping ~*~*~tactically~*~*~ (hiding).
  5283 | D:5      | Reached skill level 7 in Axes
  5381 | D:5      | 5381 ||| DRINKING 3 emerald potions.
  5424 | D:6      | Found a sacrificial altar of Ru.
  5541 | D:6      | Reached skill level 1 in Throwing
  5541 | D:6      | Reached XP level 8. HP: 31/49 MP: 8/8
  5569 | D:6      | 5569 ||| DROPPING +0 whip.
  5620 | D:6      | Reached skill level 8 in Axes
  5620 | D:6      | Found an ornate altar of the Wu Jian Council.
  5622 | D:6      | 5622 ||| Stepping ~*~*~tactically~*~*~ (stealth).
  5624 | D:6      | 5624 ||| Stepping ~*~*~tactically~*~*~ (stealth).
  5626 | D:6      | 5626 ||| Stepping ~*~*~tactically~*~*~ (stealth).
  5630 | D:6      | 5630 ||| Stepping ~*~*~tactically~*~*~ (stealth).
  5631 | D:6      | 5631 ||| Stepping ~*~*~tactically~*~*~ (stealth).
  5638 | D:6      | Reached skill level 6 in Fighting
  5691 | D:6      | 5691 ||| Stepping ~*~*~tactically~*~*~ (stealth).
  5706 | D:6      | Noticed a wraith
  5714 | D:6      | Killed a wraith
  5763 | D:6      | Reached XP level 9. HP: 55/55 MP: 9/9
  5923 | D:6      | Reached skill level 9 in Axes
  5991 | D:6      | 5991 ||| UPGRADING to +0 plate armour.
  6001 | D:6      | 6001 ||| DROPPING +0 chain mail.
  6002 | D:6      | 6002 ||| DROPPING orb of wrath.
  6003 | D:6      | 6003 ||| READING scroll labelled XITIEC PAGUD.
  6004 | D:6      | 6004 ||| DRINKING 2 fuming golden potions.
  6005 | D:6      | 6005 ||| READING 2 scrolls of identify.
  6005 | D:6      | 6005 ||| IDENTIFYING purple potion
  6006 | D:6      | 6006 ||| DROPPING potion of brilliance.
  6096 | D:7      | Found Qasm's Firing Range.
  6161 | D:7      | 6161 ||| READING scroll of acquirement.
  6161 | D:7      | 6161 ||| ACQUIRING 715 gold pieces
  6161 | D:7      | Acquired 715 gold pieces
  6170 | D:7      | 6170 ||| Stepping ~*~*~tactically~*~*~ (hiding).
  6171 | D:7      | 6171 ||| Stepping ~*~*~tactically~*~*~ (hiding).
  6224 | D:7      | 6224 ||| READING 2 scrolls of enchant armour.
  6224 | D:7      | 6224 ||| ENCHANTING +0 plate armour.
  6225 | D:7      | 6225 ||| READING scroll of enchant armour.
  6225 | D:7      | 6225 ||| ENCHANTING +1 plate armour.
  6304 | D:7      | Found a shadowy altar of Dithmenos.
  6400 | D:7      | 6400 ||| Stepping ~*~*~tactically~*~*~ (hiding).
  6409 | D:7      | 6409 ||| DRINKING potion of curing.
  6409 | D:7      | 6409 ||| (to cure confusion)
  6492 | D:7      | 6492 ||| DROPPING +1 cloak.
  6493 | D:7      | 6493 ||| READING scroll labelled OXAETI PITYI.
  6494 | D:7      | 6494 ||| READING 2 scrolls of identify.
  6494 | D:7      | 6494 ||| IDENTIFYING red potion
  6512 | D:8      | 6512 ||| Stepping ~*~*~tactically~*~*~ (hiding).
  6515 | D:8      | Noticed a hornet
  6522 | D:8      | Reached skill level 6 in Armour
  6523 | D:8      | Killed a hornet
  6578 | D:8      | 6578 ||| READING scroll of enchant armour.
  6578 | D:8      | 6578 ||| ENCHANTING +2 plate armour.
  6652 | D:8      | Reached XP level 10. HP: 40/63 MP: 10/10
  6700 | D:8      | Found a white marble altar of Elyvilon.
  6730 | D:8      | Found a staircase to the Lair.
  6774 | D:8      | Found a burning altar of Makhleb.
  6813 | D:8      | Found an iron altar of Okawaru.
  6814 | D:8      | 6814 ||| PLANNING OKAWARU WORSHIP
  6814 | D:8      | 6814 ||| READING scroll labelled TAMUAJOISU.
  6818 | D:8      | Became a worshipper of Warmaster Okawaru
  6819 | D:8      | 6819 ||| PLANNING D:1-11
  6894 | D:8      | Reached skill level 10 in Axes
  7027 | D:8      | 7027 ||| Stepping ~*~*~tactically~*~*~ (stealth).
  7207 | D:8      | 7207 ||| PLANNING LAIR
  7261 | Lair:1   | Entered Level 1 of the Lair of Beasts
  7261 | Lair:1   | Noticed a cane toad
  7276 | Lair:1   | Killed a cane toad
  7276 | Lair:1   | Reached * piety under Okawaru
  7330 | Lair:1   | 7330 ||| Stepping ~*~*~tactically~*~*~ (stealth).
  7332 | Lair:1   | 7332 ||| INVOKING Heroism.
  7333 | Lair:1   | 7333 ||| INVOKING Heroism.
  7337 | Lair:1   | Reached skill level 1 in Invocations
  7419 | Lair:1   | Reached skill level 3 in Invocations
  7442 | Lair:1   | 7442 ||| Stepping ~*~*~tactically~*~*~ (stealth).
  7443 | Lair:1   | 7443 ||| Stepping ~*~*~tactically~*~*~ (stealth).
  7452 | Lair:1   | Reached ** piety under Okawaru
  7476 | Lair:1   | 7476 ||| READING scroll of brand weapon.
  7476 | Lair:1   | 7476 ||| BRANDING +3 broad axe of protection.
  7477 | Lair:1   | 7477 ||| DROPPING +0 flail.
  7511 | Lair:1   | Noticed a cane toad
  7512 | Lair:1   | 7512 ||| Stepping ~*~*~tactically~*~*~ (stealth).
  7513 | Lair:1   | 7513 ||| INVOKING Heroism.
  7516 | Lair:1   | Killed a cane toad
  7702 | Lair:1   | 7702 ||| READING scroll of acquirement.
  7702 | Lair:1   | 7702 ||| ACQUIRING +1 hat "Ituecreu" {-Tele Rampage Int+5}
  7702 | Lair:1   | Acquired the +1 hat "Ituecreu" {-Tele Rampage Int+5}
  7711 | Lair:1   | 7711 ||| Stepping ~*~*~tactically~*~*~ (stealth).
  7714 | Lair:1   | 7714 ||| INVOKING Heroism.
  7718 | Lair:1   | Reached skill level 11 in Axes
  7777 | Lair:1   | 7777 ||| INVOKING Heroism.
  7795 | Lair:1   | Noticed a cane toad
  7800 | Lair:1   | 7800 ||| INVOKING Heroism.
  7803 | Lair:1   | Killed a cane toad
  7804 | Lair:1   | Reached skill level 9 in Fighting
  7804 | Lair:1   | Reached XP level 11. HP: 71/71 MP: 11/14
  7884 | Lair:1   | 7884 ||| Stepping ~*~*~tactically~*~*~ (stealth).
  7942 | Lair:1   | Reached *** piety under Okawaru
  7950 | Lair:1   | 7950 ||| INVOKING Heroism.
  7955 | Lair:1   | Reached skill level 3 in Throwing
  8167 | Lair:1   | 8167 ||| READING scroll labelled WYRUNWIGRYJ.
  8268 | Lair:1   | 8268 ||| READING 2 scrolls of identify.
  8268 | Lair:1   | 8268 ||| IDENTIFYING grey potion
  8269 | Lair:1   | 8269 ||| DROPPING potion of berserk rage.
  8310 | Lair:2   | 8310 ||| INVOKING Heroism.
  8313 | Lair:2   | 8313 ||| Stepping ~*~*~tactically~*~*~ (water).
  8333 | Lair:2   | 8333 ||| STAIRDANCE
  8338 | Lair:1   | Reached **** piety under Okawaru
  8347 | Lair:2   | 8347 ||| Stepping ~*~*~tactically~*~*~ (water).
  8352 | Lair:2   | Reached skill level 12 in Axes
  8424 | Lair:2   | 8424 ||| Stepping ~*~*~tactically~*~*~ (stealth).
  8428 | Lair:2   | 8428 ||| INVOKING Heroism.
  8433 | Lair:2   | Received a gift from Okawaru
  8436 | Lair:2   | Received a gift from Okawaru
  8437 | Lair:2   | Reached skill level 6 in Invocations
  8498 | Lair:2   | 8498 ||| READING scroll of enchant armour.
  8498 | Lair:2   | 8498 ||| ENCHANTING +3 plate armour.
  8590 | Lair:2   | 8590 ||| Stepping ~*~*~tactically~*~*~ (hiding).
  8599 | Lair:2   | Found a staircase to the Snake Pit.
  8656 | Lair:2   | 8656 ||| Stepping ~*~*~tactically~*~*~ (stealth).
  8666 | Lair:2   | 8666 ||| INVOKING Heroism.
  8721 | Lair:2   | Reached ***** piety under Okawaru
  8722 | Lair:2   | 8722 ||| Stepping ~*~*~tactically~*~*~ (stealth).
  8729 | Lair:2   | 8729 ||| INVOKING Heroism.
  8732 | Lair:2   | Reached skill level 6 in Shields
  8751 | Lair:2   | Found a staircase to the Shoals.
  8882 | Lair:2   | 8882 ||| Stepping ~*~*~tactically~*~*~ (hiding).
  8883 | Lair:2   | 8883 ||| Stepping ~*~*~tactically~*~*~ (hiding).
  9095 | Lair:2   | 9095 ||| UPGRADING to ring of protection from fire.
  9121 | Lair:3   | 9121 ||| INVOKING Heroism.
  9124 | Lair:3   | Reached skill level 3 in Dodging
  9124 | Lair:3   | Reached XP level 12. HP: 76/76 MP: 14/17
  9175 | Lair:3   | 9175 ||| INVOKING Heroism.
  9228 | Lair:3   | 9228 ||| INVOKING Heroism.
  9240 | Lair:3   | Received a gift from Okawaru
  9273 | Lair:3   | 9273 ||| INVOKING Heroism.
  9358 | Lair:3   | 9358 ||| Stepping ~*~*~tactically~*~*~ (hiding).
  9364 | Lair:3   | Reached skill level 9 in Invocations
  9467 | Lair:3   | Noticed a death yak
  9468 | Lair:3   | 9468 ||| INVOKING Heroism.
  9469 | Lair:3   | 9469 ||| INVOKING Finesse.
  9474 | Lair:3   | Noticed a death yak
  9476 | Lair:3   | Noticed a death yak
  9479 | Lair:3   | Killed a death yak
  9479 | Lair:3   | Noticed a death yak
  9479 | Lair:3   | Noticed a death yak
  9483 | Lair:3   | Killed a death yak
  9495 | Lair:3   | Killed a death yak
  9500 | Lair:3   | Killed a death yak
  9501 | Lair:3   | Killed a death yak
  9597 | Lair:3   | 9597 ||| INVOKING Heroism.
  9645 | Lair:3   | 9645 ||| Stepping ~*~*~tactically~*~*~ (stealth).
  9646 | Lair:3   | 9646 ||| Stepping ~*~*~tactically~*~*~ (stealth).
  9647 | Lair:3   | 9647 ||| Stepping ~*~*~tactically~*~*~ (stealth).
  9648 | Lair:3   | 9648 ||| Stepping ~*~*~tactically~*~*~ (stealth).
  9649 | Lair:3   | 9649 ||| INVOKING Heroism.
  9651 | Lair:3   | Reached skill level 13 in Axes
  9890 | Lair:3   | 9890 ||| UPGRADING to +0 pair of boots of rampaging.
  9895 | Lair:3   | 9895 ||| READING 2 scrolls of identify.
  9895 | Lair:3   | 9895 ||| IDENTIFYING viscous coppery potion
  9952 | Lair:4   | Found a runed translucent door.
  9953 | Lair:4   | Noticed an azure jelly
  9956 | Lair:4   | 9956 ||| Stepping ~*~*~tactically~*~*~ (hiding).
  9960 | Lair:4   | Noticed a seven-headed hydra
  9961 | Lair:4   | 9961 ||| INVOKING Heroism.
  9966 | Lair:4   | Killed a four-headed hydra
  9967 | Lair:4   | Reached XP level 13. HP: 60/82 MP: 17/20
 10050 | Lair:4   | Found a staircase to the Slime Pits.
 10050 | Lair:4   | Noticed an azure jelly
 10077 | Lair:4   | Reached skill level 9 in Armour
 10095 | Lair:4   | 10095 ||| INVOKING Heroism.
 10096 | Lair:4   | 10096 ||| INVOKING Finesse.
 10165 | Lair:4   | 10165 ||| Stepping ~*~*~tactically~*~*~ (stealth).
 10166 | Lair:4   | 10166 ||| Stepping ~*~*~tactically~*~*~ (stealth).
 10184 | Lair:4   | Identified the +1 ring mail "Koahoank" {rPois Str+4}
                  | (Okawaru gifted it to you on level 4 of the Lair of Beasts)
 10184 | Lair:4   | Received a gift from Okawaru
 10306 | Lair:4   | Reached skill level 14 in Axes
 10316 | Lair:4   | 10316 ||| INVOKING Heroism.
 10443 | Lair:4   | 10443 ||| Stepping ~*~*~tactically~*~*~ (stealth).
 10494 | Lair:4   | 10494 ||| Stepping ~*~*~tactically~*~*~ (stealth).
 10496 | Lair:4   | 10496 ||| Stepping ~*~*~tactically~*~*~ (stealth).
 10498 | Lair:4   | 10498 ||| INVOKING Heroism.
 10585 | Lair:4   | 10585 ||| INVOKING Heroism.
 10833 | Lair:4   | 10833 ||| DROPPING amulet of the acrobat.
 10834 | Lair:4   | 10834 ||| READING 2 scrolls of identify.
 10834 | Lair:4   | 10834 ||| IDENTIFYING metallic emerald potion
 10860 | Lair:5   | Entered Level 5 of the Lair of Beasts
 10881 | Lair:5   | 10881 ||| INVOKING Heroism.
 10983 | Lair:5   | 10983 ||| INVOKING Heroism.
 11036 | Lair:5   | 11036 ||| DRINKING 2 clear potions.
 11039 | Lair:5   | 11039 ||| INVOKING Heroism.
 11046 | Lair:5   | Noticed a fire dragon
 11100 | Lair:5   | 11100 ||| Stepping ~*~*~tactically~*~*~ (hiding).
 11104 | Lair:5   | 11104 ||| INVOKING Heroism.
 11105 | Lair:5   | Found a large runed translucent door.
 11114 | Lair:5   | Found a large runed translucent door.
 11149 | Lair:5   | 11149 ||| INVOKING Heroism.
 11387 | Lair:5   | 11387 ||| INVOKING Heroism.
 11976 | Lair:5   | 11976 ||| PLANNING D:1-11
 11976 | Lair:5   | 11976 ||| DROPPING orb of wrath.
 12302 | Lair:5   | 12302 ||| READING scroll labelled QUTIUT HYLON.
 12303 | Lair:5   | 12303 ||| READING 2 scrolls of identify.
 12303 | Lair:5   | 12303 ||| IDENTIFYING yellow potion
 12304 | Lair:5   | 12304 ||| DROPPING potion of invisibility.
 12926 | D:9      | 12926 ||| Stepping ~*~*~tactically~*~*~ (stealth).
 12927 | D:9      | 12927 ||| Stepping ~*~*~tactically~*~*~ (stealth).
 12928 | D:9      | 12928 ||| Stepping ~*~*~tactically~*~*~ (stealth).
 12929 | D:9      | 12929 ||| Stepping ~*~*~tactically~*~*~ (stealth).
 12937 | D:9      | 12937 ||| Stepping ~*~*~tactically~*~*~ (hiding).
 12939 | D:9      | 12939 ||| Stepping ~*~*~tactically~*~*~ (hiding).
 12967 | D:9      | Found a shimmering altar of Xom.
 13016 | D:9      | 13016 ||| Stepping ~*~*~tactically~*~*~ (hiding).
 13028 | D:9      | 13028 ||| Stepping ~*~*~tactically~*~*~ (stealth).
 13194 | D:9      | 13194 ||| READING scroll of enchant armour.
 13194 | D:9      | 13194 ||| ENCHANTING +0 pair of boots of rampaging.
 13371 | D:9      | 13371 ||| INVOKING Heroism.
 13623 | D:9      | 13623 ||| DROPPING +1 hat "Ituecreu" {-Tele Rampage Int+5}.
 13624 | D:9      | 13624 ||| UPGRADING to +0 helmet.
 13679 | D:10     | Entered Level 10 of the Dungeon
 13816 | D:10     | 13816 ||| Stepping ~*~*~tactically~*~*~ (hiding).
 13870 | D:10     | 13870 ||| Stepping ~*~*~tactically~*~*~ (hiding).
 13952 | D:10     | Received a gift from Okawaru
 13964 | D:10     | 13964 ||| Stepping ~*~*~tactically~*~*~ (hiding).
 13987 | D:10     | 13987 ||| Stepping ~*~*~tactically~*~*~ (hiding).
 13990 | D:10     | 13990 ||| INVOKING Heroism.
 14046 | D:10     | 14046 ||| Stepping ~*~*~tactically~*~*~ (stealth).
 14048 | D:10     | 14048 ||| INVOKING Heroism.
 14056 | D:10     | Gained mutation: Your large and strong wings let you fly.
                  | [Gargoyle growth]
 14056 | D:10     | Reached XP level 14. HP: 90/90 MP: 19/21
 14057 | D:10     | 14057 ||| Stepping ~*~*~tactically~*~*~ (stealth).
 14361 | D:10     | 14361 ||| Stepping ~*~*~tactically~*~*~ (stealth).
 14364 | D:10     | Identified the +1 robe of the Shore {rC- rCorr Int+8
                  | Stlth-} (Okawaru gifted it to you on level 10 of the
                  | Dungeon)
 14364 | D:10     | Received a gift from Okawaru
 14375 | D:10     | Reached skill level 15 in Axes
 14423 | D:10     | 14423 ||| INVOKING Heroism.
 14664 | D:10     | 14664 ||| READING scroll of enchant armour.
 14664 | D:10     | 14664 ||| ENCHANTING +0 helmet.
 14667 | D:10     | Found a runed translucent gate.
 14667 | D:10     | Noticed qw's ghost (journeyman GrFi)
 14668 | D:10     | Found a runed translucent gate.
 14668 | D:10     | Found a runed translucent gate.
 14838 | D:11     | 14838 ||| Stepping ~*~*~tactically~*~*~ (stealth).
 14841 | D:11     | 14841 ||| Stepping ~*~*~tactically~*~*~ (stealth).
 14845 | D:11     | 14845 ||| INVOKING Heroism.
 14873 | D:11     | 14873 ||| Stepping ~*~*~tactically~*~*~ (hiding).
 14874 | D:11     | 14874 ||| Stepping ~*~*~tactically~*~*~ (stealth).
 14875 | D:11     | 14875 ||| Stepping ~*~*~tactically~*~*~ (hiding).
 14878 | D:11     | 14878 ||| Stepping ~*~*~tactically~*~*~ (stealth).
 14879 | D:11     | 14879 ||| Stepping randomly (cloudy).
 14880 | D:11     | 14880 ||| INVOKING Heroism.
 14912 | D:11     | 14912 ||| INVOKING Heroism.
 14937 | D:11     | 14937 ||| FLEEEEING.
 14938 | D:11     | 14938 ||| FLEEEEING.
 15008 | D:11     | 15008 ||| Stepping ~*~*~tactically~*~*~ (stealth).
 15010 | D:11     | 15010 ||| Stepping ~*~*~tactically~*~*~ (stealth).
 15014 | D:11     | 15014 ||| INVOKING Heroism.
 15065 | D:11     | 15065 ||| Stepping ~*~*~tactically~*~*~ (stealth).
 15070 | D:11     | 15070 ||| Stepping ~*~*~tactically~*~*~ (hiding).
 15072 | D:11     | 15072 ||| INVOKING Heroism.
 15231 | D:11     | Reached skill level 12 in Fighting
 15459 | D:11     | Noticed Snorg
 15460 | D:11     | 15460 ||| INVOKING Heroism.
 15461 | D:11     | 15461 ||| INVOKING Finesse.
 15469 | D:11     | Killed Snorg
 15612 | D:11     | 15612 ||| INVOKING Heroism.
 15613 | D:11     | 15613 ||| INVOKING Finesse.
 15787 | D:11     | Found Peqoraer's Distillery.
 15798 | D:11     | 15798 ||| BUYING potion of attraction (42 gold).
 15798 | D:11     | Bought a potion of attraction for 42 gold pieces
 15798 | D:11     | 15798 ||| BUYING potion of attraction (42 gold).
 15798 | D:11     | Bought a potion of attraction for 42 gold pieces
 15798 | D:11     | 15798 ||| BUYING potion of curing (42 gold).
 15798 | D:11     | Bought a potion of curing for 42 gold pieces
 15798 | D:11     | 15798 ||| BUYING potion of curing (42 gold).
 15798 | D:11     | Bought a potion of curing for 42 gold pieces
 15798 | D:11     | 15798 ||| BUYING potion of heal wounds (70 gold).
 15798 | D:11     | Bought a potion of heal wounds for 70 gold pieces
 15798 | D:11     | 15798 ||| BUYING potion of heal wounds (70 gold).
 15798 | D:11     | Bought a potion of heal wounds for 70 gold pieces
 15798 | D:11     | 15798 ||| BUYING potion of might (56 gold).
 15798 | D:11     | Bought a potion of might for 56 gold pieces
 15903 | D:11     | 15903 ||| PLANNING D
 15903 | D:11     | 15903 ||| DROPPING ring of fire.
 15904 | D:11     | 15904 ||| DROPPING ring of ice.
 15948 | D:12     | 15948 ||| PLANNING GAUNTLET
 15981 | D:12     | 15981 ||| INVOKING Heroism.
 16031 | D:12     | 16031 ||| Stepping ~*~*~tactically~*~*~ (stealth).
 16033 | D:12     | 16033 ||| INVOKING Heroism.
 16080 | D:12     | 16080 ||| FLEEEEING.
 16148 | D:12     | 16148 ||| READING scroll of enchant armour.
 16148 | D:12     | 16148 ||| ENCHANTING +1 helmet.
 16181 | D:12     | 16181 ||| INVOKING Heroism.
 16294 | D:12     | Found a staircase to the Orcish Mines.
 16295 | D:12     | 16295 ||| Stepping ~*~*~tactically~*~*~ (stealth).
 16296 | D:12     | 16296 ||| Stepping ~*~*~tactically~*~*~ (stealth).
 16297 | D:12     | 16297 ||| Stepping ~*~*~tactically~*~*~ (hiding).
 16301 | D:12     | 16301 ||| INVOKING Heroism.
 16302 | D:12     | 16302 ||| Stepping ~*~*~tactically~*~*~ (hiding).
 16481 | D:12     | 16481 ||| Stepping ~*~*~tactically~*~*~ (stealth).
 16491 | D:12     | 16491 ||| RIP GAUNTLET
 16492 | D:12     | 16492 ||| PLANNING D
 16621 | D:12     | 16621 ||| INVOKING Heroism.
 16622 | D:12     | 16622 ||| INVOKING Finesse.
 16764 | D:12     | 16764 ||| READING scroll labelled DOMMUNWYPLA.
 16811 | D:13     | 16811 ||| Stepping ~*~*~tactically~*~*~ (hiding).
 16814 | D:13     | 16814 ||| INVOKING Heroism.
 16833 | D:13     | Reached skill level 16 in Axes
 16833 | D:13     | Found a blossoming altar of Fedhas.
 17118 | D:13     | 17118 ||| FLEEEEING.
 17120 | D:13     | 17120 ||| FLEEEEING.
 17121 | D:13     | 17121 ||| FLEEEEING.
 17122 | D:13     | 17122 ||| FLEEEEING.
 17123 | D:13     | 17123 ||| FLEEEEING.
 17277 | D:13     | 17277 ||| UPGRADING to +4 ring of evasion.
 17301 | D:14     | 17301 ||| Stepping ~*~*~tactically~*~*~ (hiding).
 17302 | D:14     | 17302 ||| Stepping ~*~*~tactically~*~*~ (hiding).
 17309 | D:14     | 17309 ||| INVOKING Heroism.
 17376 | D:14     | 17376 ||| Stepping ~*~*~tactically~*~*~ (hiding).
 17379 | D:14     | 17379 ||| Stepping ~*~*~tactically~*~*~ (hiding).
 17382 | D:14     | 17382 ||| INVOKING Heroism.
 17393 | D:14     | Reached XP level 15. HP: 76/96 MP: 20/22
 17400 | D:14     | Received a gift from Okawaru
 17487 | D:14     | 17487 ||| Stepping ~*~*~tactically~*~*~ (hiding).
 17592 | D:14     | Found a transporter.
 17603 | D:14     | Noticed qw's ghost (journeyman GrFi)
 17607 | D:14     | Noticed qw's ghost (journeyman GrFi)
 17627 | D:14     | Found a transporter.
 17633 | D:14     | 17633 ||| INVOKING Heroism.
 17654 | D:14     | Reached skill level 12 in Armour
 17656 | D:14     | Received a gift from Okawaru
 17684 | D:14     | Identified the ring "Neboh" {Fire rElec}
 17756 | D:14     | 17756 ||| INVOKING Heroism.
 17757 | D:14     | 17757 ||| INVOKING Finesse.
 17771 | D:14     | 17771 ||| Stepping ~*~*~tactically~*~*~ (stealth).
 17772 | D:14     | 17772 ||| Stepping ~*~*~tactically~*~*~ (stealth).
 17805 | D:14     | 17805 ||| Stepping ~*~*~tactically~*~*~ (stealth).
 17806 | D:14     | 17806 ||| Stepping ~*~*~tactically~*~*~ (stealth).
 17808 | D:14     | 17808 ||| Stepping ~*~*~tactically~*~*~ (hiding).
 17932 | D:14     | Found a gate to the Vaults.
 18090 | D:14     | 18090 ||| DROPPING +2 helmet.
 18115 | D:15     | Entered Level 15 of the Dungeon
 18116 | D:15     | 18116 ||| READING 5 scrolls of teleportation.
 18117 | D:15     | 18117 ||| STAIRDANCE
 18150 | D:15     | 18150 ||| Stepping ~*~*~tactically~*~*~ (hiding).
 18152 | D:15     | 18152 ||| Stepping ~*~*~tactically~*~*~ (hiding).
 18311 | D:15     | 18311 ||| Stepping ~*~*~tactically~*~*~ (hiding).
 18316 | D:15     | 18316 ||| READING 4 scrolls of teleportation.
 18317 | D:15     | 18317 ||| INVOKING Heroism.
 18394 | D:15     | 18394 ||| INVOKING Heroism.
 18403 | D:15     | Found a staircase to the Depths.
 18423 | D:15     | HP: 24/96 [skeletal warrior/+0 trident of flaming (10)]
 18424 | D:15     | 18424 ||| READING 3 scrolls of teleportation.
 18425 | D:15     | 18425 ||| DRINKING 9 potions of heal wounds.
 18450 | D:15     | 18450 ||| INVOKING Heroism.
 18603 | D:15     | 18603 ||| INVOKING Heroism.
 18604 | D:15     | 18604 ||| INVOKING Finesse.
 18634 | D:15     | Reached skill level 17 in Axes
 18724 | D:15     | 18724 ||| Stepping ~*~*~tactically~*~*~ (stealth).
 18727 | D:15     | 18727 ||| Stepping ~*~*~tactically~*~*~ (hiding).
 18732 | D:15     | 18732 ||| INVOKING Heroism.
 18766 | D:15     | Received a gift from Okawaru
 18829 | D:15     | 18829 ||| Stepping ~*~*~tactically~*~*~ (hiding).
 18842 | D:15     | 18842 ||| Stepping ~*~*~tactically~*~*~ (hiding).
 18844 | D:15     | 18844 ||| Stepping ~*~*~tactically~*~*~ (hiding).
 18918 | D:15     | 18918 ||| PLANNING ORC
 18918 | D:15     | 18918 ||| DROPPING scarf of invisibility.
 18919 | D:15     | 18919 ||| DROPPING +2 cloak.
 19017 | Orc:1    | Entered Level 1 of the Orcish Mines
 19017 | Orc:1    | You are sucked into a shaft and drop 1 floor!
 19017 | Orc:2    | Entered Level 2 of the Orcish Mines
 19017 | Orc:2    | Found Nerrofao's Weapon Shoppe.
 19048 | Orc:1    | 19048 ||| INVOKING Heroism.
 19233 | Orc:2    | Noticed an orc warlord
 19234 | Orc:2    | 19234 ||| INVOKING Heroism.
 19235 | Orc:2    | 19235 ||| INVOKING Finesse.
 19241 | Orc:2    | 19241 ||| Stepping ~*~*~tactically~*~*~ (stealth).
 19246 | Orc:2    | Killed an orc warlord
 19296 | Orc:2    | 19296 ||| Stepping ~*~*~tactically~*~*~ (stealth).
 19349 | Orc:2    | 19349 ||| INVOKING Heroism.
 19358 | Orc:2    | 19358 ||| Stepping ~*~*~tactically~*~*~ (hiding).
 19359 | Orc:2    | 19359 ||| Stepping ~*~*~tactically~*~*~ (hiding).
 19373 | Orc:2    | 19373 ||| INVOKING Heroism.
 19439 | Orc:2    | 19439 ||| INVOKING Heroism.
 19446 | Orc:2    | Found a staircase to the Elven Halls.
 19453 | Orc:2    | 19453 ||| Stepping ~*~*~tactically~*~*~ (stealth).
 19455 | Orc:2    | Paralysed by an orc sorcerer for 5 turns
 19715 | Orc:2    | 19715 ||| FLEEEEING.
 19716 | Orc:2    | 19716 ||| FLEEEEING.
 19717 | Orc:2    | 19717 ||| FLEEEEING.
 19718 | Orc:2    | 19718 ||| FLEEEEING.
 19719 | Orc:2    | 19719 ||| FLEEEEING.
 19720 | Orc:2    | 19720 ||| FLEEEEING.
 19721 | Orc:2    | 19721 ||| FLEEEEING.
 19722 | Orc:2    | 19722 ||| FLEEEEING.
 19723 | Orc:2    | 19723 ||| FLEEEEING.
 19724 | Orc:2    | 19724 ||| FLEEEEING.
 19725 | Orc:2    | 19725 ||| FLEEEEING.
 19726 | Orc:2    | 19726 ||| FLEEEEING.
 19727 | Orc:2    | 19727 ||| FLEEEEING.
 19728 | Orc:2    | 19728 ||| FLEEEEING.
 19735 | Orc:2    | 19735 ||| STAIRDANCE
 19823 | Orc:2    | Found Peuwi's Antique Weapon Shoppe.
 19823 | Orc:2    | Found Eqinon's Distillery.
 19824 | Orc:2    | Found Cigeugo's Jewellery Emporium.
 19828 | Orc:2    | Found Oxyryras's Book Shoppe.
 19833 | Orc:2    | 19833 ||| BUYING ring of Hanel {Fly rF+ rC- rCorr} (451
                  | gold).
 19833 | Orc:2    | Bought the ring of Hanel {Fly rF+ rC- rCorr} for 451 gold
                  | pieces
 19834 | Orc:2    | 19834 ||| BUYING potion of curing (36 gold).
 19834 | Orc:2    | Bought a potion of curing for 36 gold pieces
 19834 | Orc:2    | 19834 ||| BUYING potion of curing (36 gold).
 19834 | Orc:2    | Bought a potion of curing for 36 gold pieces
 19834 | Orc:2    | 19834 ||| BUYING potion of curing (36 gold).
 19834 | Orc:2    | Bought a potion of curing for 36 gold pieces
 19834 | Orc:2    | 19834 ||| BUYING potion of magic (96 gold).
 19834 | Orc:2    | Bought a potion of magic for 96 gold pieces
 19834 | Orc:2    | 19834 ||| BUYING potion of resistance (120 gold).
 19834 | Orc:2    | Bought a potion of resistance for 120 gold pieces
 19883 | Orc:2    | 19883 ||| INVOKING Heroism.
 19919 | Orc:2    | 19919 ||| SWAPPING to +1 vampiric broad axe.
 20060 | Orc:1    | 20060 ||| INVOKING Heroism.
 20144 | Orc:1    | 20144 ||| UPGRADING to +3 plate armour of fire resistance.
 20180 | Orc:1    | 20180 ||| INVOKING Heroism.
 20309 | Orc:1    | 20309 ||| PLANNING SNAKE:1-3
 20511 | Snake:1  | Entered Level 1 of the Snake Pit
 20526 | Snake:1  | 20526 ||| Stepping ~*~*~tactically~*~*~ (hiding).
 20536 | Snake:1  | Reached skill level 6 in Throwing
 20589 | Snake:1  | Found Mumibe's Assorted Antiques.
 20597 | Snake:1  | 20597 ||| BUYING scroll of brand weapon (294 gold).
 20597 | Snake:1  | Bought a scroll of brand weapon for 294 gold pieces
 20666 | Snake:1  | Reached XP level 16. HP: 104/104 MP: 23/23
 20763 | Snake:1  | 20763 ||| Stepping ~*~*~tactically~*~*~ (stealth).
 20969 | Snake:1  | 20969 ||| Stepping ~*~*~tactically~*~*~ (hiding).
 20996 | Snake:1  | 20996 ||| Stepping ~*~*~tactically~*~*~ (stealth).
 20997 | Snake:1  | 20997 ||| Stepping ~*~*~tactically~*~*~ (stealth).
 21018 | Snake:1  | 21018 ||| Stepping ~*~*~tactically~*~*~ (stealth).
 21019 | Snake:1  | 21019 ||| Stepping ~*~*~tactically~*~*~ (stealth).
 21032 | Snake:1  | 21032 ||| Stepping ~*~*~tactically~*~*~ (hiding).
 21195 | Snake:1  | 21195 ||| Stepping ~*~*~tactically~*~*~ (stealth).
 21196 | Snake:1  | 21196 ||| Stepping ~*~*~tactically~*~*~ (stealth).
 21197 | Snake:1  | 21197 ||| Stepping ~*~*~tactically~*~*~ (stealth).
 21198 | Snake:1  | 21198 ||| Stepping ~*~*~tactically~*~*~ (stealth).
 21199 | Snake:1  | 21199 ||| Stepping ~*~*~tactically~*~*~ (stealth).
 21207 | Snake:1  | Reached skill level 18 in Axes
 21395 | Snake:1  | 21395 ||| Stepping ~*~*~tactically~*~*~ (hiding).
 21695 | Snake:1  | 21695 ||| DROPPING +2 cloak.
 21696 | Snake:1  | 21696 ||| UPGRADING to +0 kite shield.
 21706 | Snake:1  | 21706 ||| DROPPING +0 buckler.
 21748 | Snake:2  | Reached skill level 9 in Shields
 21787 | Snake:2  | 21787 ||| Stepping ~*~*~tactically~*~*~ (hiding).
 21804 | Snake:2  | 21804 ||| Stepping ~*~*~tactically~*~*~ (stealth).
 21808 | Snake:2  | 21808 ||| Stepping ~*~*~tactically~*~*~ (stealth).
 21813 | Snake:2  | Identified the +1 pair of gloves "Tazo" {Drain rCorr Int+7
                  | Stlth-} (Okawaru gifted it to you on level 2 of the Snake
                  | Pit)
 21813 | Snake:2  | Received a gift from Okawaru
 21967 | Snake:2  | 21967 ||| Stepping ~*~*~tactically~*~*~ (hiding).
 21971 | Snake:2  | 21971 ||| INVOKING Heroism.
 22076 | Snake:2  | Noticed a nagaraja
 22077 | Snake:2  | 22077 ||| Stepping ~*~*~tactically~*~*~ (hiding).
 22078 | Snake:2  | 22078 ||| INVOKING Heroism.
 22095 | Snake:2  | Killed a nagaraja
 22498 | Snake:2  | 22498 ||| Stepping ~*~*~tactically~*~*~ (hiding).
 22500 | Snake:2  | 22500 ||| Stepping ~*~*~tactically~*~*~ (hiding).
 22900 | Snake:2  | 22900 ||| UPGRADING to +1 pair of gloves "Tazo" {Drain
                  | rCorr Int+7 Stlth-}.
 22974 | Snake:3  | Noticed Agnes
 22975 | Snake:3  | 22975 ||| INVOKING Heroism.
 22976 | Snake:3  | 22976 ||| INVOKING Finesse.
 23025 | Snake:3  | 23025 ||| Stepping ~*~*~tactically~*~*~ (stealth).
 23080 | Snake:3  | Identified the +4 leather armour of Ignis's Grace {rPois
                  | MP+9}
 23082 | Snake:3  | 23082 ||| INVOKING Heroism.
 23083 | Snake:3  | 23083 ||| INVOKING Finesse.
 23095 | Snake:3  | Killed Agnes
 23254 | Snake:3  | 23254 ||| INVOKING Heroism.
 23365 | Snake:3  | Found Huzo's Weapon Boutique.
 23800 | Snake:3  | 23800 ||| PLANNING SHOALS:1-3
 23909 | Shoals:1 | Entered Level 1 of the Shoals
 23910 | Shoals:1 | Found a transporter.
 23911 | Shoals:1 | Found the +2 hood of the Assassin {Detection Stab+ Stlth++}
 23912 | Shoals:1 | Found a transporter.
 23924 | Shoals:1 | 23924 ||| INVOKING Heroism.
 23932 | Shoals:1 | Found Qyalet's Assorted Antiques.
 24002 | Shoals:1 | 24002 ||| BUYING potion of attraction (69 gold).
 24002 | Shoals:1 | Bought a potion of attraction for 69 gold pieces
 24002 | Shoals:1 | 24002 ||| BUYING potion of haste (230 gold).
 24002 | Shoals:1 | Bought a potion of haste for 230 gold pieces
 24002 | Shoals:1 | 24002 ||| BUYING potion of resistance (230 gold).
 24002 | Shoals:1 | Bought a potion of resistance for 230 gold pieces
 24002 | Shoals:1 | 24002 ||| BUYING runed plate armour (598 gold).
 24002 | Shoals:1 | Bought a runed plate armour for 598 gold pieces
 24002 | Shoals:1 | 24002 ||| BUYING scroll of teleportation (69 gold).
 24002 | Shoals:1 | Bought a scroll of teleportation for 69 gold pieces
 24007 | Shoals:1 | 24007 ||| INVOKING Heroism.
 24021 | Shoals:1 | Reached skill level 12 in Shields
 24037 | Shoals:1 | Found Qawejug's Weapon Emporium.
 24280 | Shoals:1 | 24280 ||| INVOKING Heroism.
 24321 | Shoals:1 | 24321 ||| INVOKING Heroism.
 24361 | Shoals:1 | Found Uxapelur's Book Emporium.
 24581 | Shoals:1 | Found Giwirr's Antique Weapon Shoppe.
 24695 | Shoals:1 | 24695 ||| DROPPING +2 plate armour of positive energy.
 24744 | Shoals:2 | 24744 ||| Stepping ~*~*~tactically~*~*~ (stealth).
 24758 | Shoals:2 | 24758 ||| INVOKING Heroism.
 24838 | Shoals:2 | Noticed a kraken
 24841 | Shoals:2 | 24841 ||| INVOKING Heroism.
 24850 | Shoals:2 | Killed a kraken
 24859 | Shoals:2 | Found a runed translucent door.
 24881 | Shoals:2 | Noticed a kraken
 24903 | Shoals:2 | 24903 ||| INVOKING Heroism.
 24904 | Shoals:2 | Killed a kraken
 24905 | Shoals:2 | Reached XP level 17. HP: 75/108 MP: 21/24
 24959 | Shoals:2 | 24959 ||| INVOKING Heroism.
 25059 | Shoals:2 | 25059 ||| INVOKING Heroism.
 25060 | Shoals:2 | 25060 ||| INVOKING Finesse.
 25239 | Shoals:2 | Identified the +7 chain mail of Biyhid {rElec}
 25284 | Shoals:2 | 25284 ||| INVOKING Heroism.
 25312 | Shoals:2 | 25312 ||| INVOKING Heroism.
 25314 | Shoals:2 | Identified the +8 dagger of Douhuecawn {freeze, +Blink
                  | Dex-3 SInv} (Okawaru gifted it to you on level 2 of the
                  | Shoals)
 25314 | Shoals:2 | Received a gift from Okawaru
 25377 | Shoals:2 | 25377 ||| INVOKING Heroism.
 25413 | Shoals:2 | 25413 ||| INVOKING Heroism.
 25450 | Shoals:2 | 25450 ||| INVOKING Heroism.
 25611 | Shoals:2 | Noticed a kraken
 25616 | Shoals:2 | 25616 ||| INVOKING Heroism.
 25628 | Shoals:2 | Killed a kraken
 25634 | Shoals:2 | 25634 ||| INVOKING Finesse.
 25694 | Shoals:2 | 25694 ||| READING 4 scrolls of teleportation.
 25718 | Shoals:2 | 25718 ||| Stepping ~*~*~tactically~*~*~ (stealth).
 25719 | Shoals:2 | 25719 ||| Stepping ~*~*~tactically~*~*~ (stealth).
 25720 | Shoals:2 | 25720 ||| Stepping ~*~*~tactically~*~*~ (stealth).
 25722 | Shoals:2 | 25722 ||| Stepping ~*~*~tactically~*~*~ (hiding).
 25738 | Shoals:2 | 25738 ||| Stepping ~*~*~tactically~*~*~ (stealth).
 25744 | Shoals:2 | 25744 ||| INVOKING Heroism.
 25779 | Shoals:2 | 25779 ||| READING 3 scrolls of teleportation.
 25793 | Shoals:2 | 25793 ||| READING 2 scrolls of teleportation.
 25797 | Shoals:2 | 25797 ||| INVOKING Heroism.
 25844 | Shoals:2 | Noticed a kraken
 25847 | Shoals:2 | 25847 ||| INVOKING Heroism.
 25855 | Shoals:2 | Killed a kraken
 25911 | Shoals:2 | 25911 ||| READING scroll of teleportation.
 26084 | Shoals:2 | 26084 ||| UPGRADING to +0 gold dragon scales.
 26129 | Shoals:3 | 26129 ||| Stepping ~*~*~tactically~*~*~ (hiding).
 26130 | Shoals:3 | 26130 ||| Stepping ~*~*~tactically~*~*~ (hiding).
 26131 | Shoals:3 | 26131 ||| Stepping ~*~*~tactically~*~*~ (hiding).
 26132 | Shoals:3 | 26132 ||| Stepping ~*~*~tactically~*~*~ (hiding).
 26134 | Shoals:3 | 26134 ||| Stepping ~*~*~tactically~*~*~ (hiding).
 26139 | Shoals:3 | Received a gift from Okawaru
 26149 | Shoals:3 | Noticed Ilsuiw
 26150 | Shoals:3 | 26150 ||| INVOKING Heroism.
 26187 | Shoals:3 | Killed Ilsuiw
 26190 | Shoals:3 | 26190 ||| Stepping ~*~*~tactically~*~*~ (stealth).
 26192 | Shoals:3 | 26192 ||| Stepping ~*~*~tactically~*~*~ (stealth).
 26197 | Shoals:3 | 26197 ||| INVOKING Heroism.
 26273 | Shoals:3 | 26273 ||| READING scroll of enchant armour.
 26273 | Shoals:3 | 26273 ||| ENCHANTING +0 gold dragon scales.
 26289 | Shoals:3 | 26289 ||| INVOKING Heroism.
 26373 | Shoals:3 | 26373 ||| Stepping ~*~*~tactically~*~*~ (hiding).
 26375 | Shoals:3 | 26375 ||| INVOKING Heroism.
 26402 | Shoals:3 | 26402 ||| STAIRDANCE
 26408 | Shoals:2 | 26408 ||| DROPPING +3 plate armour of fire resistance.
 26889 | Shoals:3 | 26889 ||| PLANNING SNAKE:4
 26929 | Shoals:1 | Identified the ring of the Pariah {Fly rF+ rC- Will+}
 27017 | Snake:4  | Entered Level 4 of the Snake Pit
 27018 | Snake:4  | 27018 ||| INVOKING Heroism.
 27054 | Snake:4  | 27054 ||| INVOKING Heroism.
 27063 | Snake:4  | Reached skill level 15 in Armour
 27101 | Snake:4  | Found Ecemaet's General Store.
 27104 | Snake:4  | Found Xeel's Antique Weapon Shop.
 27106 | Snake:4  | Found Awaa's Assorted Antiques.
 27110 | Snake:4  | 27110 ||| BUYING 2 potions of attraction (108 gold).
 27110 | Snake:4  | Bought 2 potions of attraction for 108 gold pieces
 27110 | Snake:4  | 27110 ||| BUYING potion of might (72 gold).
 27110 | Snake:4  | Bought a potion of might for 72 gold pieces
 27114 | Snake:4  | 27114 ||| BUYING potion of curing (93 gold).
 27114 | Snake:4  | Bought a potion of curing for 93 gold pieces
 27114 | Snake:4  | 27114 ||| BUYING scroll of enchant armour (232 gold).
 27114 | Snake:4  | Bought a scroll of enchant armour for 232 gold pieces
 27114 | Snake:4  | 27114 ||| BUYING scroll of enchant weapon (232 gold).
 27114 | Snake:4  | Bought a scroll of enchant weapon for 232 gold pieces
 27114 | Snake:4  | 27114 ||| READING scroll of enchant armour.
 27114 | Snake:4  | 27114 ||| ENCHANTING +1 gold dragon scales.
 27115 | Snake:4  | 27115 ||| READING scroll of enchant weapon.
 27115 | Snake:4  | 27115 ||| ENCHANTING +1 vampiric broad axe.
 27130 | Snake:4  | 27130 ||| Stepping ~*~*~tactically~*~*~ (hiding).
 27289 | Snake:4  | 27289 ||| READING scroll of enchant weapon.
 27289 | Snake:4  | 27289 ||| ENCHANTING +2 vampiric broad axe.
 27303 | Snake:4  | 27303 ||| Stepping ~*~*~tactically~*~*~ (hiding).
 27312 | Snake:4  | 27312 ||| INVOKING Heroism.
 27331 | Snake:4  | Reached ****** piety under Okawaru
 27344 | Snake:4  | Received a gift from Okawaru
 27348 | Snake:4  | HP: 16/111 [naga/+0 halberd (25)]
 27349 | Snake:4  | 27349 ||| READING 4 scrolls of teleportation.
 27349 | Snake:4  | HP: 7/111 [naga sharpshooter/arrow (10)]
 27349 | Snake:4  | Slain by a naga warrior

Levels and vault maps discovered:
D:1:      dpeg_chamrin_arrival_tetris, layout_loops_corners,
          nicolae_ecumenical_lake_church, serial_shops,
          nicolae_shop_behind_doors, roderic_roman_lattice,
          chequers_serial_rivers_micro_c, chequers_mini_garden
D:2:      layout_basic, minmay_stone_trees_small, hangedman_abyss_or_decor_stabs
D:3:      layout_loops_ring, nicolae_overflow_hidden_temple, uniq_natasha
D:4:      layout_cave_pods, nicolae_qazlal_general_emergency, zin_statuary,
          nicolae_gozag_cash_rules_everything_around_me,
          minmay_temple_entry_glass, gammafunk_ghost_necromancy
D:5:      layout_rooms, kennysheep_vampire_church, cheibriados_altar_1,
          chequers_serial_rivers_micro_a
D:6:      layout_cave_pools, pdpol_wu_jian_five_deadly_venoms,
          mainiacjoe_overflow_tiny_flanked, serial_undead, serial_undead_d,
          serial_undead_f, serial_undead_e, serial_undead_b, serial_undead_f,
          serial_undead_f
D:7:      layout_basic, grunt_dithmenos_smoke_and_mirrors,
          nicolae_shop_firing_range
D:8:      cheibrodos_fertilizer, layout_basic, mainiacjoe_overflow_24_doors,
          kennysheep_mini, elyvilon_altar_3
D:9:      layout_small_grid, mainiacjoe_overflow_concentric_impassable,
          dk_noncrumbling_4, hangedman_decor_riveting, kennysheep_boxes
D:10:     nzn_winding_woodlands_three_and_one
          [nzn_winding_woodlands_5x15_crooked,
          nzn_winding_woodlands_5x15_zeroes, nzn_winding_woodlands_5x15_cabin,
          nzn_winding_woodlands_center_triple_pond], layout_loops_cross,
          gammafunk_ghost_nasty_kobolds, kennysheep_generic_room_2
D:11:     regret_index_wax_grids, layout_long_grid, serial_shops,
          nicolae_shop_window_shopping, uniq_snorg
D:12:     layout_roguey, erik_orc_1, gauntlet_entry_generic
D:13:     layout_roguey, fedhas_altar_fruit_tree
D:14:     layout_rooms, david_vaults_4, nzn_ghost_randoct
D:15:     gammafunk_depths_entry_grave, layout_rooms,
          hangedman_abyss_or_decor_clamps, hangedman_devilish_allure
Temple:   nicolae_temple_bog_church
Lair:1:   minmay_lair_venomous_thicket, layout_small_grid, lemuel_fruit_tree,
          lemuel_fruit_fields
Lair:2:   layout_loops_ring, elwin_shoals_entry_rocks,
          minmay_snake_entry_guardpost_large, infiniplex_staircase_pool_2
Lair:3:   layout_misc_corridors, pond
Lair:4:   layout_regular_city, slime_entry_2, infiniplex_staircase_pool,
          serial_bayou_shore_b, grunt_megastairs_4
Lair:5:   cheibrodos_lair_end_hotspot, layout_small_grid,
          nicolae_lair_grove_arrangements, serial_bayou_crossing
Shoals:1: gammafunk_sealed_arena, layout_shoals, serial_shops,
          nicolae_shop_advertising_works [nicolae_subvault_shop_adworks],
          nicolae_shop_trees, shop, shop
Shoals:2: nicolae_shoals_lighthouse, layout_shoals
Shoals:3: layout_shoals, uniq_ilsuiw
Snake:1:  layout_chambers, serial_shops, shop, grunt_ministairs_14,
          grunt_megastairs_1
Snake:2:  layout_chambers
Snake:3:  layout_cave_shapes, serial_shops, shop_coins, uniq_agnes
Snake:4:  snake_pit, layout_misc_corridors, minmay_shop_star
Orc:1:    layout_caves
Orc:2:    st_orc_mages, layout_diamond_mine, serial_shops, nicolae_diamond_shop

Skill      XL: |  1  2  3  4  5  6  7  8  9 10 11 12 13 14 15 16 17 |
---------------+----------------------------------------------------+-----
Axes           | 2 3 4 5 6 7 8 9 11 12 13 14 16 17 18 | 18.0
Fighting       | 4 5 6 7 9 10 11 12 13 14 | 14.0
Dodging        | 1 2 3 4 5 |  5.0
Throwing       | 1 3 4 5 6 |  6.0
Armour         | 4 6 7 8 10 11 12 13 15 | 15.8
Shields        | 4 5 6 7 8 13 | 13.8
Invocations    | 4 7 10 | 10.0

Action                   |  1- 3 |  4- 6 |  7- 9 | 10-12 | 13-15 | 16-18 || total
-------------------------+-------+-------+-------+-------+-------+-------++-------
Melee: War axe           |    45 |       |       |       |       |       ||    45
       Broad axe         |    42 |    89 |   155 |   304 |  1012 |  1017 ||  2619
Throw: Boomerang         |       |     2 |    45 |    43 |    63 |    18 ||   171
       Javelin           |       |       |       |    40 |   147 |    11 ||   198
Invok: Heroism           |       |       |       |    18 |    44 |    30 ||    92
       Finesse           |       |       |       |     1 |     7 |     4 ||    12
  Use: Scroll            |     8 |     9 |     8 |     7 |    10 |     9 ||    51
       Potion            |     1 |     3 |     3 |       |     2 |       ||     9
 Stab: Confused          |       |       |       |       |     1 |       ||     1
Armor: Scale mail        |    23 |       |       |       |       |       ||    23
       Chain mail        |    28 |    57 |    79 |       |       |       ||   164
       Plate armour      |       |       |    93 |   185 |   476 |   404 ||  1158
       Gold dragon scale |       |       |       |       |       |   210 ||   210
Dodge: Dodged            |    35 |    27 |    61 |    93 |   333 |   429 ||   978
Block: Buckler           |    16 |    15 |    44 |    78 |   256 |    33 ||   442
       Kite shield       |       |       |       |       |       |   645 ||   645

Table legend:
 A = Non-vault XP
 B = Vault XP
 C = Vault XP percentage of total XP
 D = Non-vault monster count
 E = Vault monster count
 F = Vault count percentage of total count
                 A         B        C        D         E       F
            +---------+---------+-------+---------+---------+-------
      Total |  164580 |   75954 |  31.6 |     634 |     297 |  31.9
            +---------+---------+-------+---------+---------+-------
        D:1 |      31 |       0 |   0.0 |      15 |       0 |   0.0
        D:2 |      25 |       0 |   0.0 |       8 |       0 |   0.0
        D:3 |      80 |      32 |  28.6 |       8 |       1 |  11.1
        D:4 |     290 |       0 |   0.0 |      21 |       0 |   0.0
        D:5 |     361 |     127 |  26.0 |      16 |       7 |  30.4
        D:6 |     935 |     952 |  50.5 |      18 |      13 |  41.9
        D:7 |    1012 |       6 |   0.6 |      18 |       3 |  14.3
        D:8 |    1045 |     917 |  46.7 |      15 |      17 |  53.1
        D:9 |    1429 |       0 |   0.0 |      23 |       0 |   0.0
       D:10 |    2341 |    3912 |  62.6 |      20 |      14 |  41.2
       D:11 |    3688 |    9379 |  71.8 |      12 |      47 |  79.7
       D:12 |    7329 |     530 |   6.7 |      23 |      17 |  42.5
       D:13 |    5025 |       0 |   0.0 |      15 |       0 |   0.0
       D:14 |    9943 |    3262 |  24.7 |      20 |       6 |  23.1
       D:15 |    8531 |    8187 |  49.0 |      24 |      25 |  51.0
     Lair:1 |    5416 |     576 |   9.6 |      25 |      10 |  28.6
     Lair:2 |    5748 |     818 |  12.5 |      20 |       5 |  20.0
     Lair:3 |   11405 |    1213 |   9.6 |      26 |       7 |  21.2
     Lair:4 |    8766 |    1989 |  18.5 |      36 |       8 |  18.2
     Lair:5 |    3006 |    5082 |  62.8 |       9 |      22 |  71.0
   Shoals:1 |   16196 |       0 |   0.0 |      37 |       0 |   0.0
   Shoals:2 |   16440 |   18406 |  52.8 |      32 |      33 |  50.8
   Shoals:3 |   10875 |    2400 |  18.1 |      22 |       4 |  15.4
    Snake:1 |   10743 |    2767 |  20.5 |      21 |       6 |  22.2
    Snake:2 |    9689 |       0 |   0.0 |      21 |       0 |   0.0
    Snake:3 |    5147 |    1527 |  22.9 |      10 |       1 |   9.1
    Snake:4 |   10661 |    9283 |  46.5 |      26 |      16 |  38.1
      Orc:1 |    3173 |       0 |   0.0 |      45 |       0 |   0.0
      Orc:2 |    5250 |    4589 |  46.6 |      48 |      35 |  42.2
            +---------+---------+-------+---------+---------+-------
